 Dungeon Crawl Stone Soup version 0.30.1-4-g462c640d31 (webtiles) character file.

Game seed: 5669965099047622600

466 Logoto the Firebug (level 6, -1/46 HPs)
             Began as a Draconian Fire Elementalist on Aug 24, 2023.
             Was an Initiate of Qazlal.
             Killed by divine providence
             ... invoked by an orc priest
              (15 damage)
             ... on level 4 of the Dungeon.
             The game lasted 00:11:22 (4025 turns).

Logoto the Firebug (Draconian Fire Elementalist)    Turns: 4025, Time: 00:11:23

Health: -1/46      AC: 13    Str: 12    XL:     6   Next: 81%
Magic:  6/11       EV: 12    Int: 16    God:    Qazlal [......]
Gold:   189        SH:  5    Dex: 11    Spells: 8/11 levels left

rFire   . . .        g - +0 trident
rCold   . . .        (no shield)
rNeg    . . .        (body armour unavailable)
rPois   .            (helmet restricted)
rElec   .            (no cloak)
rCorr   .            (no gloves)
SInv    .            b - +2 pair of boots
Will    .....        f - amulet of reflection
Stlth   ++           u - +4 ring of protection
HPRegen 0.27/turn    (no ring)
MPRegen 0.12/turn

%: reflection
@: no status effects
A: AC +6, unfitting armour, cold-blooded
a: Renounce Religion


You were on level 4 of the Dungeon.
You worshipped Qazlal.
Qazlal was noncommittal.
You visited 2 branches of the dungeon, and saw 5 of its levels.

You collected 189 gold pieces.

Inventory:

Hand Weapons
 g - a +0 trident (weapon)
Armour
 b - a +2 pair of boots (worn)
Jewellery
 f - an amulet of reflection (around neck)
 n - a ring of magical power
 u - a +4 ring of protection (left hand)
Scrolls
 d - 3 scrolls of fear {unknown}
 i - a scroll of immolation {unknown}
 j - 2 scrolls of poison {unknown}
 k - 2 scrolls of enchant armour {unknown}
 m - a scroll of fog {unknown}
 o - 4 scrolls of identify {unknown}
 r - 4 scrolls of vulnerability {unknown}
 s - a scroll of blinking {unknown}
 t - a scroll of teleportation {unknown}
 x - a scroll of silence {unknown}
Potions
 a - a potion of magic
 c - 5 potions of curing
 e - 2 potions of brilliance {unknown}
 h - a potion of berserk rage {unknown}
 l - a potion of mutation {unknown}
 p - a potion of haste {unknown}
 q - a potion of lignification {unknown}
 v - a potion of attraction {unknown}
 w - a potion of invisibility {unknown}


   Skills:
 + Level 0.7 Fighting
 + Level 1.8 Polearms
 + Level 2.6 Dodging
 + Level 2.8 Stealth
 + Level 1.1 Shields
 + Level 0.2 Unarmed Combat
 + Level 3.4 Spellcasting
 + Level 3.0 Conjurations
 + Level 4.6 Fire Magic


You had 8 spell levels left.
You knew the following spells:

 Your Spells              Type           Power      Damage    Failure   Level
a - Foxfire               Conj/Fire      60%        2x1d7     3%          1
b - Scorch                Fire           34%        2d6       4%          2

Your spell library contained the following spells:

 Spells                   Type           Power      Damage    Failure   Level
 Inner Flame              Hex/Fire       10%        N/A       21%         3
 Volatile Blastmotes      Fire/Tloc      20%        2d11      21%         3
 Cigotuvi's Dreadful Rot  Necr/Pois/Air  4%         N/A       26%         2
 Poisonous Vapours        Pois/Air       4%         N/A       26%         2
 Ignite Poison            Fire/Tmut/Pois 7%         N/A       28%         3
 Mephitic Cloud           Conj/Pois/Air  6%         N/A       34%         3
 Flame Wave               Conj/Fire      15%        2d7       36%         4
 Portal Projectile        Hex/Tloc       4%         N/A       47%         3
 Tukima's Dance           Hex            2%         N/A       47%         3
 Dispel Undead            Necr           2%         3d7       87%         4
 Freezing Cloud           Conj/Ice/Air   3%         6-21      97%         5
 Blade Hands              Tmut           1%         N/A       99%         5
 Death Channel            Necr           1%         N/A       100%        6


Dungeon Overview and Level Annotations

Branches:
Dungeon (4/15)             Temple (1/1) D:4

Altars:
Ashenzari
Cheibriados
Dithmenos
Elyvilon
Fedhas
Gozag
Kikubaaqudgha
Makhleb
Nemelex Xobeh
Okawaru
Qazlal
Ru
Sif Muna
Trog
Uskayaw
Wu Jian
Xom
Yredelemnul
Zin
The Shining One

Shops:
D:4 *

Annotations:
D:3 3 runed translucent doors, Babbit's ghost, amateur MiFi; rvierbuc's ghost, amateur DgVM


Innate Abilities, Weirdness & Mutations

Your plain brown scales are hard. (AC +6)
You cannot fit into any form of body armour.
You are cold-blooded and may be slowed by cold attacks.


Message History

Your foxfire dissipates!
The foxfire hits the orc priest but does no damage.
You conjure some foxfire!
Your foxfire dissipates!
An orc comes into view. It is wielding a +0 short sword.
The orc priest mumbles some strange prayers to Beogh against you.
Beogh smites you!
The foxfire hits the orc priest but does no damage.
The orc shouts!
You hear a shout!
You conjure some foxfire!
Your foxfire dissipates! x2
The foxfire hits the orc priest.
The orc priest is lightly wounded.
An orc wizard comes into view. It is wielding a +0 dagger.
You conjure some foxfire!
The foxfire hits the orc priest but does no damage.
The orc priest is lightly wounded.
The foxfire hits the orc priest.
The orc priest is lightly wounded.
The orc priest invokes the aid of Beogh against you.
Beogh smites you!
The foxfire hits the orc priest.
The orc priest is moderately wounded.
Your foxfire dissipates!
The foxfire hits the orc priest but does no damage.
The orc priest is moderately wounded.
The orc wizard casts a spell at you. You resist with some effort.
The foxfire hits the orc priest.
The orc priest is moderately wounded.
You feel better. The orc wizard casts a spell at you.
The puff of flame hits you.
The orc priest invokes the aid of Beogh against you.
Beogh smites you!
* * * LOW HITPOINT WARNING * * *
You hear a shout!
You are too injured to fight recklessly!
You are too injured to fight recklessly!
The orc priest invokes the aid of Beogh against you.
Beogh smites you!
You die...

.... #..## ##......##
#..... #...###...##...#
....# #...#.....###..##
.....###........# #...##
#..............####...# #.
##................###...
..##
###........####.........##
....###.o........#
#####.....#
...............@.##
####.##
..................# #..##
..........o....#...# #....
..........o...###...#
#.... ..............#
#..[.# #.###
..............# ..... ..#
...............# .....
.....######.....# ..##
...## #......# .#


You could see an orc priest, an orc wizard and an orc.

Vanquished Creatures
  Eustachio (D:4)
  Blork the orc (D:4)
  A hound (D:4)
  A sleepcap (D:4)
  Natasha (thrice) (D:4)
  Robin (D:2)
  3 adders
  4 gnolls (D:3)
  A worm (D:4)
  2 dart slugs
  An orc (D:3)
  2 endoplasms
  9 goblins
  7 hobgoblins
  4 jackals (D:3)
  2 kobolds
  6 quokkas
  5 ball pythons
  6 bats
  2 frilled lizards (D:3)
  3 rats
65 creatures vanquished.

Vanquished Creatures (others)
  166 foxfires
166 creatures vanquished.

Grand Total: 231 creatures vanquished

Notes
Turn   | Place    | Note
-------+----------+-------------------------------------------
     0 | D:1      | Logoto the Draconian Fire Elementalist began the quest for
                  | the Orb.
     0 | D:1      | Reached XP level 1. HP: 14/14 MP: 3/3
   372 | D:1      | Reached XP level 2. HP: 20/20 MP: 5/5
   375 | D:1      | Learned a level 2 spell: Scorch
   848 | D:2      | Noticed Robin
   936 | D:2      | Killed Robin
   937 | D:2      | Reached XP level 3. HP: 26/26 MP: 0/6
  1649 | D:3      | Found a broken altar of Ashenzari.
  1709 | D:3      | Reached skill level 1 in Polearms
  1754 | D:3      | Reached XP level 4. HP: 33/33 MP: 0/7
  1934 | D:3      | Found a faded altar of an unknown god.
  1934 | D:3      | Noticed a hellwing
  1982 | D:3      | Found a runed translucent gate.
  1982 | D:3      | Found a runed translucent gate.
  1982 | D:3      | Found a runed translucent gate.
  1984 | D:3      | Noticed rvierbuc's ghost (amateur DgVM)
  1984 | D:3      | Noticed Babbit's ghost (amateur MiFi)
  2691 | D:4      | Reached XP level 5. HP: 39/39 MP: 4/8
  2725 | D:4      | Found a staircase to the Ecumenical Temple.
  2747 | D:4      | Reached skill level 4 in Fire Magic
  2764 | Temple   | Entered the Ecumenical Temple
  2939 | D:4      | Noticed Natasha
  2945 | D:4      | Killed Natasha
  2946 | D:4      | Reached skill level 1 in Shields
  3103 | D:4      | Noticed Natasha
  3107 | D:4      | Killed Natasha
  3138 | D:4      | Noticed Natasha
  3143 | D:4      | Killed Natasha
  3262 | D:4      | Noticed Blork the orc
  3268 | D:4      | Killed Blork the orc
  3269 | D:4      | Reached XP level 6. HP: 46/46 MP: 0/10
  3436 | D:4      | Found a transporter.
  3439 | D:4      | Found Vausi's Assorted Antiques.
  3441 | D:4      | Found a transporter.
  3604 | D:4      | Found a stormy altar of Qazlal.
  3604 | D:4      | Found an ornate altar of the Wu Jian Council.
  3604 | D:4      | Found a sacrificial altar of Ru.
  3611 | D:4      | Became a worshipper of Qazlal Stormbringer
  3899 | D:4      | Noticed Eustachio
  3910 | D:4      | Killed Eustachio
  4025 | D:4      | Killed from afar by an orc priest

Illustrated notes

Levels and vault maps discovered:
D:1:      shiori_arrival_elements, layout_basic
D:2:      layout_rooms, uniq_robin
D:3:      layout_basic, evilmike_ruin_ashenzari,
          dreamdust_ecumenical_altar_sealed_demon, serial_glass,
          glass_columns_a, glass_columns_b, gammafunk_ghost_cemetery,
          saegor_snake_ambush
D:4:      layout_layer_cave, gammafunk_temple_overflow_claw,
          minmay_temple_entry_trees, serial_shops, nicolae_shop_drivethru,
          uniq_eustachio, uniq_blork_the_orc, uniq_natasha
Temple:   lightli_temple_of_artemis

Skill      XL: |  1  2  3  4  5  6 |
---------------+-------------------+-----
Stealth        | 2 |  2.8
Dodging        | 2 |  2.6
Polearms       | 1 |  1.8
Conjurations   | 2 3 |  3.0
Fire Magic     | 4 |  4.6
Shields        | 1 |  1.1
Spellcasting   | 3 |  3.4
Fighting       | |  0.7
Unarmed Combat | |  0.2

Action                     |  1- 3 |  4- 6 || total
---------------------------+-------+-------++-------
  Melee: Unarmed           |    15 |       ||    15
         Trident           |    68 |    48 ||   116
         Tailslap          |    11 |     2 ||    13
         Punch             |       |     1 ||     1
   Cast: Foxfire           |    41 |    61 ||   102
         Scorch            |     1 |     5 ||     6
    Use: Potion            |       |     2 ||     2
   Stab: Sleeping          |     3 |     2 ||     5
 Armour: Skin              |    48 |    21 ||    69
  Dodge: Dodged            |    57 |    29 ||    86
  Block: Other             |    33 |    14 ||    47
         Reflection        |     1 |       ||     1
